 Dungeon Crawl Stone Soup version 0.29.1-1-gd02db6906a (console) character file.

Game seed: 12081158880086914720

5 sentinel the Digger (level 2, 20/20 HPs)
             Began as a Meteoran Earth Elementalist on Sept 29, 2022.
             Quit the game on level 1 of the Dungeon.
             The game lasted 00:00:04 (158 turns).

sentinel the Digger (Meteoran Earth Elementalist)    Turns: 158, Time: 00:00:05

Health: 20/20      AC:  2    Str:  9    XL:     2   Next: 5%
Magic:  2/6        EV: 12    Int: 16    God:
Gold:   0          SH:  0    Dex: 14    Spells: 5/6 levels left

rFire   . . .      SeeInvis .   (no weapon)
rCold   . . .      Faith    .   (no shield)
rNeg    . . .      Spirit   .   a - +0 robe
rPois   .          Reflect  .   (no helmet)
rElec   .          Harm     .   (no cloak)
rCorr   .          Rampage  .   (no gloves)
Will    .....                   (no boots)
Stlth   +.........              (no amulet)
HPRegen 0.06/turn               (no ring)
MPRegen 0.10/turn               (no ring)

@: glowing
A: sense surroundings 1, otherworldly, glowing, explore regen
a: no special abilities


You were on level 1 of the Dungeon.
You visited 1 branch of the dungeon, and saw 1 of its levels.

Inventory:

Armour
 a - a +0 robe (worn)
Potions
 b - a potion of magic
 c - a potion of curing {unknown}


   Skills:
 - Level 2.4 Dodging
 - Level 1.4 Stealth
 - Level 2.6 Spellcasting
 - Level 1.2 Transmutations
 + Level 4.1 Earth Magic


You had 5 spell levels left.
You knew the following spells:

 Your Spells              Type           Power      Damage    Failure   Level
a - Sandblast             Erth           30%        2d9       3%          1

Your spell library contained the following spells:

 Spells                   Type           Power      Damage    Failure   Level
 Passwall                 Tmut/Erth      8%         N/A       10%         2
 Stone Arrow              Conj/Erth      16%        3d8       26%         3
 Confusing Touch          Hex            2%         N/A       50%         3
 Petrify                  Tmut/Erth      10%        N/A       54%         4
 Yara's Violent Unravell  Hex/Tmut       2%         3d3       99%         5
 Enfeeble                 Hex            1%         N/A       100%        7


Dungeon Overview and Level Annotations

Branches:
Dungeon (1/15) Zot: 439

Altars:


Innate Abilities, Weirdness & Mutations

You passively map a small area around you.
You are easily found by Zot.
You glow in the dark.
You regain HP and MP as you explore.


Message History

Found 6 gold pieces.
Unknown command.
Found 11 gold pieces.
Unknown command.
You see here 11 gold pieces.
You see here 11 gold pieces.
You see here 11 gold pieces.
c - a yellow potion Unknown command.
Found 14 gold pieces.
Unknown command.
Found a stone staircase leading down.
Unknown command.
No target in view!
No target in view!
You can't see any susceptible monsters within range! (Use Z to cast anyway.) Unknown command.
You can't see any susceptible monsters within range! (Use Z to cast anyway.) Unknown command.
You can't see any susceptible monsters within range! (Use Z to cast anyway.) Unknown command.
You can't see any susceptible monsters within range! (Use Z to cast anyway.) Unknown command.
No target in view!
No target in view!
You can't see any susceptible monsters within range! (Use Z to cast anyway.) Unknown command.
You can't see any susceptible monsters within range! (Use Z to cast anyway.) Unknown command.
You can't see any susceptible monsters within range! (Use Z to cast anyway.) Unknown command.
You can't see any susceptible monsters within range! (Use Z to cast anyway.) Unknown command.
No target in view!
No target in view!
You can't see any susceptible monsters within range! (Use Z to cast anyway.) Unknown command.
You can't see any susceptible monsters within range! (Use Z to cast anyway.) Unknown command.
You can't see any susceptible monsters within range! (Use Z to cast anyway.) Unknown command.
You can't see any susceptible monsters within range! (Use Z to cast anyway.) Unknown command.
An endoplasm and a dart slug come into view.
Found 7 stones.
The endoplasm quivers.
Unknown command.
But you're not safe!
Unknown command.
But you're not safe!
Unknown command.
But you're not safe!
Unknown command.
But you're not safe!
Unknown command.
There is an empty arch of ancient stone here.
The blast of sand hits the endoplasm!
You kill the endoplasm!
The blast of sand hits the dart slug!
The dart slug is severely wounded.
Unknown command.
The blast of sand hits the dart slug!
You kill the dart slug!
Your Earth Magic skill increases to level 4!
Unknown command.
You can't see any susceptible monsters within range! (Use Z to cast anyway.) Unknown command.
You can't see any susceptible monsters within range! (Use Z to cast anyway.) Unknown command.
No target in view!
No target in view!
You can't see any susceptible monsters within range! (Use Z to cast anyway.) Unknown command.
You can't see any susceptible monsters within range! (Use Z to cast anyway.) Unknown command.
You can't see any susceptible monsters within range! (Use Z to cast anyway.) Unknown command.
You can't see any susceptible monsters within range! (Use Z to cast anyway.) Unknown command.
No target in view!
No target in view!
You can't see any susceptible monsters within range! (Use Z to cast anyway.) Unknown command.
You can't see any susceptible monsters within range! (Use Z to cast anyway.) Unknown command.
You can't see any susceptible monsters within range! (Use Z to cast anyway.) Unknown command.
You can't see any susceptible monsters within range! (Use Z to cast anyway.) Unknown command.
A goblin comes into view. It is wielding a +0 club.
Found 12 gold pieces.
Found a faded altar of an unknown god.
The goblin shouts!
Unknown command.
But you're not safe!
Unknown command.
But you're not safe!
Unknown command.
But you're not safe!
Unknown command.
But you're not safe!
Unknown command.
Found a book of Misfortune.
The blast of sand misses the goblin.
The blast of sand hits the goblin.
You kill the goblin!
You have reached level 2!
Unknown command.
You are out of magic!
Unknown command.
You are out of magic!
Unknown command.
No target in view!
No target in view!
You are out of magic!
Unknown command.
You are out of magic!
Unknown command.
You are out of magic!
Unknown command.
You are out of magic!
Unknown command.
No target in view!
No target in view!
You are out of magic!
Unknown command.
You are out of magic!
Unknown command.
You are out of magic!
Unknown command.
You are out of magic!
Unknown command.
Found 5 gold pieces.
Unknown command.
You see here a +0 club.
There is a faded altar of an unknown god here.
You pick up a book of Misfortune and begin reading...
You add the spells Confusing Touch, Yara's Violent Unravelling and Enfeeble to your library.
There is a faded altar of an unknown god here.
You see here 7 stones.
A quokka comes into view.
Unknown command.
But you're not safe!
Unknown command.
But you're not safe!
Unknown command.
Unknown command.
Unknown command.
Unknown command.
Unknown command.
Are you sure you want to abandon this character and quit the game? (Confirm with "yes".)

######### #.....r...#
#.#** ##@# #.# ##..#
#.#####..(#######
#.#∩..∩..8.._..∩#
#.......).......#
#>..............#
#..∩..♣..∩..∩.$∩#
########...............#
.......................#


You could see a quokka.

Vanquished Creatures
  A dart slug (D:1)
  An endoplasm (D:1)
  A goblin (D:1)
3 creatures vanquished.

Notes
Turn   | Place    | Note
-------+----------+-------------------------------------------
     0 | D:1      | sentinel the Meteoran Earth Elementalist began the quest
                  | for the Orb.
     0 | D:1      | Reached XP level 1. HP: 14/14 MP: 5/5
   139 | D:1      | Reached skill level 4 in Earth Magic
   140 | D:1      | Found a faded altar of an unknown god.
   144 | D:1      | Reached XP level 2. HP: 20/20 MP: 0/6
   158 | D:1      | Quit the game

Illustrated notes

Levels and vault maps discovered:
D:1:      dpeg_arrival_round_b, layout_basic,
          hellmonk_ecumenical_altar_arch_garden

Skill      XL: |  1 |
---------------+----+-----
Earth Magic    | 4 |  4.1
Dodging        | |  2.4
Stealth        | |  1.4
Spellcasting   | |  2.6
Transmutations | |  1.2

Action                   || total
-------------------------++-------
 Cast: Sandblast         ||     5
